 Dungeon Crawl Stone Soup version 0.25.1-2-g60ff931df9 (webtiles) character file.

Game seed: 9681823541165367466

1701 Colgate the Tainter (level 9, -1/68 HPs)
             Began as a Naga Venom Mage on Sept 6, 2020.
             Was a Follower of Vehumet.
             Slain by an ice beast (2 damage)
             ... on level 7 of the Dungeon.
             The game lasted 01:34:21 (8478 turns).

Colgate the Tainter (Naga Venom Mage)               Turns: 8478, Time: 01:34:22

Health: -1/68      AC:  4    Str: 10    XL:     9   Next: 3%
Magic:  5/13       EV: 10    Int: 18    God:    Vehumet [*.....]
Gold:   25         SH:  0    Dex: 13    Spells: 0/14 levels left

rFire    . . .     SeeInvis +   D - +9 staff of Wucad Mu {channel}
rCold    + . .     Gourm    .   (no shield)
rNeg     . . .     Faith    .   r - +0 robe
rPois    +         Spirit   .   (no helmet)
rElec    .         Reflect  .   (no cloak)
rCorr    .         Harm     .   (no gloves)
MR       +....                  (no barding)
Stlth    ++........             (no amulet)
HPRegen  0.21/turn              H - ring of protection from cold
MPRegen  0.13/turn              (no ring)

@: very slow
A: large, see invisible, deformed body, poison resistance, slowness 2, slow
metabolism 1, spit poison 1, AC +3
a: Spit Poison, Renounce Religion


You were on level 7 of the Dungeon.
You worshipped Vehumet.
Vehumet was aware of your devotion.
You were near starving.

You visited 1 branch of the dungeon, and saw 7 of its levels.

You collected 300 gold pieces.
You spent 275 gold pieces at shops.

Inventory:

Hand Weapons
 a - a +1 whip of electrocution
 b - a +0 shortbow
 e - a +0 dagger
 f - a +5 vampiric scythe
 D - the +9 staff of Wucad Mu (weapon) {channel}
   (You found it on level 6 of the Dungeon)
Missiles
 g - 36 sling bullets
 h - 119 stones
 i - 13 boomerangs
 j - 75 bolts
 m - 51 poisoned darts (quivered)
 x - 107 arrows
Armour
 r - a +0 robe (worn)
 z - a +0 ring mail of cold resistance
Magical Staves
 G - an uncursed staff of poison
Jewellery
 H - a ring of protection from cold (left hand)
Wands
 A - a wand of iceblast (6)
 E - a wand of acid (9)
Scrolls
 d - 3 scrolls of identify
 k - 2 scrolls of immolation {unknown}
 l - 4 scrolls of remove curse {unknown}
 n - a scroll of magic mapping {unknown}
 p - a scroll of amnesia {unknown}
 s - 2 scrolls of teleportation {unknown}
 t - a scroll of enchant weapon {unknown}
 B - a scroll of blinking {unknown}
 C - a scroll of vulnerability {unknown}
 F - a scroll of random uselessness {unknown}
Potions
 o - 2 potions of berserk rage
 q - 2 potions of flight
 u - 2 potions of haste
 v - a potion of curing
 w - 2 potions of heal wounds
 y - 2 potions of lignification
 I - a potion of brilliance
Comestibles
 c - 15 rations


   Skills:
 - Level 0.1 Maces & Flails
 - Level 1.5 Dodging
 - Level 3.0 Stealth
 - Level 3.1 Spellcasting
 - Level 1.0 Transmutations
 + Level 0.0 Fire Magic
 - Level 4.0 Air Magic
 - Level 13.1 Poison Magic


You couldn't memorise any spells.
You knew the following spells:

 Your Spells              Type           Power        Failure   Level  Hunger
a - Sting                 Tmut/Pois      ####         1%          1    None
b - Poisonous Vapours     Pois/Air       ####..       1%          2    ##.....
c - Mephitic Cloud        Conj/Pois/Air  ###.....     4%          3    ###....
d - Ignite Poison         Fire/Tmut/Pois ###.....     7%          3    ###....
e - Freeze                Ice            #...         16%         1    None
f - Olgreb's Toxic Radia  Pois           #####...     1%          4    ####...

Your spell library contained the following spells:

 Spells                   Type           Power        Failure   Level  Hunger


Dungeon Overview and Level Annotations

Branches:
Dungeon (7/15)             Temple (0/1) D:4

Altars:
Dithmenos
Elyvilon
Ru
Trog
Uskayaw
Vehumet
Wu Jian
The Shining One

Shops:
D:4 *


Innate Abilities, Weirdness & Mutations

You cannot wear boots.
Your serpentine skin is tough. (AC +3)
You have supernaturally acute eyesight. (SInv)
Armour fits poorly on your strangely shaped body.
Your system is resistant to poisons. (rPois)
You cover ground very slowly.
You have a slow metabolism.
You can spit poison.


Message History

Nothing appears to happen.
The ice beast hits you. The ice beast freezes you! You resist.
* * * LOW HITPOINT WARNING * * *
Nothing appears to happen.
The ice beast hits you but does no damage.
Nothing appears to happen.
The ice beast hits you.
* * * LOW HITPOINT WARNING * * *
The ice beast freezes you. You resist.
* * * LOW HITPOINT WARNING * * *
Nothing appears to happen.
The ice beast closely misses you.
Nothing appears to happen.
The ice beast hits you but does no damage.
Nothing appears to happen.
The ice beast barely misses you.
Nothing appears to happen.
The ice beast barely misses you.
Nothing appears to happen.
The ice beast hits you.
* * * LOW HITPOINT WARNING * * *
The ice beast freezes you. You resist.
* * * LOW HITPOINT WARNING * * *
Nothing appears to happen.
The ice beast hits you.
You die...

.... .##. ## . .# .. ##
# ... # ♣♣♣ .#.... ♣♣
♣♣♣.♣♣♣ ♣♣#...... .♣♣
♣♣.....♣♣ ♣♣.....###
..♣♣♣.......♣♣♣.@Y.....#
...♣...≈≈≈...♣...≈≈≈....
≈.....≈≈≈≈≈.....≈≈≈≈≈...
≈.....≈≈_≈≈.....≈≈♣≈≈...
≈.....≈≈≈≈≈.....≈≈≈≈≈..#
...♣...≈≈≈...♣...≈≈≈...#
..♣♣♣.......♣♣♣.........
.♣♣ ♣♣.....♣♣ ♣♣........
♣ ♣♣♣.♣♣♣ ♣.....


You could see an ice beast.

Vanquished Creatures
  Sigmund (D:2)
  An ice beast (D:5)
  3 ogres
  2 centaurs (D:5)
  2 bullfrogs
  2 scorpions
  A howler monkey (D:6)
  2 vampire bats (D:4)
  A crimson imp (D:6)
  A centaur zombie (D:5)
  2 hounds (D:6)
  2 orc wizards (D:6)
  4 orc priests
  A bullfrog skeleton (D:5)
  2 iguanas
  3 worker ants
  A hound skeleton (D:6)
  5 adders
  4 shadow imps
  An ooze (D:2)
  2 adder skeletons
  An adder zombie (D:7)
  A worm (D:6)
  A dart slug (D:4)
  2 leopard geckos
  23 orcs
  10 bats
  9 giant cockroaches
  9 goblins
  9 hobgoblins
  8 jackals
  2 quokkas
  A ball python (D:5)
  8 frilled lizards
  10 kobolds
  2 rats (D:2)
139 creatures vanquished.

Notes
Turn   | Place    | Note
-------+----------+-------------------------------------------
     0 | D:1      | Colgate the Naga Venom Mage began the quest for the Orb.
     0 | D:1      | Reached XP level 1. HP: 15/15 MP: 3/3
   202 | D:1      | Reached XP level 2. HP: 22/22 MP: 5/5
   206 | D:1      | Learned a level 2 spell: Poisonous Vapours
   226 | D:1      | You fall into a shaft and drop 1 floor!
   294 | D:2      | Reached skill level 5 in Poison Magic
   543 | D:2      | Reached XP level 3. HP: 22/28 MP: 1/6
  1132 | D:2      | Reached skill level 6 in Poison Magic
  1175 | D:2      | Found a sacrificial altar of Ru.
  1180 | D:2      | Became a worshipper of Ru the Awakened
  1214 | D:2      | Noticed Sigmund
  1227 | D:2      | Killed Sigmund
  1227 | D:2      | Reached XP level 4. HP: 36/36 MP: 1/7
  1227 | D:2      | Reached XP level 5. HP: 42/42 MP: 1/8
  1236 | D:2      | Learned a level 3 spell: Mephitic Cloud
  2577 | D:3      | Found a shadowy altar of Dithmenos.
  2998 | D:4      | Found a radiant altar of Vehumet.
  3009 | D:4      | Fell from the grace of Ru
  3009 | D:4      | Became a worshipper of Vehumet
  3027 | D:4      | Reached XP level 6. HP: 13/49 MP: 9/9
  3209 | D:4      | Reached skill level 7 in Poison Magic
  3506 | D:4      | Found a hide-covered altar of Uskayaw.
  3534 | D:4      | Found a staircase to the Ecumenical Temple.
  3875 | D:4      | Reached skill level 8 in Poison Magic
  3894 | D:4      | Reached XP level 7. HP: 53/55 MP: 7/10
  4660 | D:4      | Found Ujeom's Serpentskin Sales.
  4668 | D:4      | Reached skill level 9 in Poison Magic
  4991 | D:5      | Entered Level 5 of the Dungeon
  5132 | D:5      | Found a glowing golden altar of the Shining One.
  5156 | D:5      | Reached * piety under Vehumet
  5156 | D:5      | Offered knowledge of Freeze by Vehumet.
  5161 | D:5      | Learned a level 3 spell: Ignite Poison
  5246 | D:5      | Reached skill level 10 in Poison Magic
  5489 | D:5      | Reached XP level 8. HP: 62/62 MP: 11/11
  5907 | D:5      | Reached skill level 11 in Poison Magic
  6620 | D:6      | Found a bloodstained altar of Trog.
  6993 | D:6      | Learned a level 1 spell: Freeze
  7005 | D:6      | Reached skill level 12 in Poison Magic
  7140 | D:6      | Found an ornate altar of the Wu Jian Council.
  7560 | D:6      | Found the +9 staff of Wucad Mu {channel}
  8103 | D:7      | Reached skill level 13 in Poison Magic
  8201 | D:7      | Reached XP level 9. HP: 68/68 MP: 2/13
  8287 | D:4      | Bought an uncursed staff of poison for 275 gold pieces
  8378 | D:7      | Found a white marble altar of Elyvilon.
  8427 | D:7      | Learned a level 4 spell: Olgreb's Toxic Radiance
  8477 | D:7      | HP: 1/68 [ice beast (4)]
  8478 | D:7      | Slain by an ice beast

Illustrated notes

Levels and vault maps discovered:
D:1:      dpeg_arrival_water_temple_mockup, layout_basic, st_stairs_8,
          patterned_corridor
D:2:      layout_loops_corners, marbit_many_paths, uniq_sigmund
D:3:      layout_rooms, nicolae_dithmenos_through_a_glass_darkly
D:4:      layout_basic, lemuel_crystal_altar, eat_drink_and_be_merry_uskayaw,
          temple_hall, first_ration, roderic_batcave, hangedman_decor_riveting,
          guppyfry_shop_venom
D:5:      lemuel_upstairs_altar, layout_basic, old_standard_altar
D:6:      layout_cave_pools, lemuel_crystal_altar, minmay_misc_feat_square,
          trog_hazing_becter
D:7:      layout_rooms, elyvilon_altar_3, serial_shops, shop

Skill      XL: |  1  2  3  4  5  6  7  8  9 |
---------------+----------------------------+-----
Poison Magic   | 5 6 8 10 13 | 13.1
Air Magic      | 4 |  4.0
Spellcasting   | 3 |  3.1
Maces & Flails | |  0.1
Dodging        | |  1.5
Stealth        | |  3.0
Transmutations | |  1.0

Action                   |  1- 3 |  4- 6 |  7- 9 || total
-------------------------+-------+-------+-------++-------
Melee: Dagger            |    24 |       |       ||    24
       Whip              |       |    46 |    88 ||   134
       Scythe            |       |     9 |       ||     9
 Fire: Shortbow          |       |       |    60 ||    60
Throw: Stone             |     1 |       |       ||     1
       Boomerang         |     5 |    22 |    16 ||    43
       Dart              |       |    28 |     8 ||    36
 Cast: Sting             |     1 |    16 |     1 ||    18
       Poisonous Vapours |    16 |    23 |    60 ||    99
       Mephitic Cloud    |       |     1 |     9 ||    10
       Ignite Poison     |       |       |    12 ||    12
       Freeze            |       |       |     2 ||     2
 Abil: Spit Poison       |    24 |     6 |    12 ||    42
Evoke: Wand              |       |       |     2 ||     2
       Staff of Wucad Mu |       |       |    32 ||    32
  Use: Potion            |     3 |       |     1 ||     4
       Scroll            |       |     4 |     1 ||     5
 Stab: Sleeping          |     3 |       |       ||     3
       Confused          |       |     1 |     1 ||     2
  Eat: Chunk             |     3 |     9 |    17 ||    29
Armor: Robe              |     3 |    23 |    38 ||    64
       Skin              |     3 |       |       ||     3
Dodge: Dodged            |    22 |    41 |    91 ||   154
